 Dungeon Crawl Stone Soup version 0.23.2-1-ga50397a6bc (webtiles) character file.

Game seed: 8126960036430304495

347 Mrkan the Ducker (level 6, 0/32 HPs)
             Began as a Spriggan Monk on May 19, 2019.
             Was a Believer of Dithmenos.
             Killed from afar by an orc wizard (1 damage)
             ... with a magic dart
             ... on level 5 of the Dungeon.
             The game lasted 00:07:04 (4743 turns).

Mrkan the Ducker (Spriggan Monk)                    Turns: 4743, Time: 00:07:04

Health: 0/32       AC:  2    Str:  7    XL:     6   Next: 32%
Magic:  8/8        EV: 24    Int: 11    God:    Dithmenos [**....]
Gold:   368        SH:  0    Dex: 21    Spells: 5/5 levels left

rFire    . . .     SeeInvis +   a - +0 short sword
rCold    . . .     Gourm    .   (shield restricted)
rNeg     . . .     Faith    .   b - +0 robe
rPois    .         Spirit   .   (helmet restricted)
rElec    .         Reflect  .   (no cloak)
rCorr    .         Harm     .   (gloves unavailable)
MR       +....                  (boots unavailable)
Stlth    +++++.....             (no amulet)
HPRegen  0.10/turn              (no ring)
MPRegen  0.11/turn              (no ring)

@: lethally poisoned (0 -> -3), wreathed by umbra, very quick
A: very small, unfitting armour, see invisible, herbivore, speed 3, slow
metabolism 2
a: Shadow Step, Renounce Religion


You were on level 5 of the Dungeon.
You worshipped Dithmenos.
Dithmenos was pleased with you.
You were very hungry.

You visited 1 branch of the dungeon, and saw 5 of its levels.

You collected 368 gold pieces.

Inventory:

Hand Weapons
 a - a +0 short sword (weapon)
Missiles
 u - 4 curare-tipped needles
 z - 27 poisoned needles
Armour
 b - a +0 robe (worn)
Jewellery
 j - a cursed amulet of inaccuracy {unknown}
 m - a +5 ring of strength {unknown}
 y - an uncursed ring of see invisible {unknown}
Wands
 x - a wand of disintegration (14)
Scrolls
 d - 4 scrolls of remove curse {unknown}
 i - a scroll of random uselessness {unknown}
 l - 5 scrolls of identify {unknown}
 o - 2 scrolls of teleportation {unknown}
 r - a scroll of fear {unknown}
 t - a scroll of magic mapping {unknown}
 v - a scroll of immolation {unknown}
 w - a scroll of amnesia {unknown}
 B - a scroll of vulnerability {unknown}
Potions
 e - a potion of ambrosia {unknown}
 f - 2 potions of haste {unknown}
 g - 4 potions of mutation {unknown}
 h - a potion of degeneration {unknown}
 k - 2 potions of heal wounds {unknown}
 n - a potion of lignification {unknown}
 p - 2 potions of magic {unknown}
 q - 3 potions of curing {unknown}
 s - 2 potions of cancellation {unknown}
 A - a potion of might {unknown}
Comestibles
 c - 14 rations


   Skills:
 - Level 2.4 Fighting
 - Level 3.2 Short Blades
 + Level 7.5 Dodging
 + Level 7.1 Stealth
 + Level 2.3 Invocations


You had 5 spell levels left.
You didn't know any spells.
Your spell library contained the following spells:

 Spells                   Type           Power        Failure   Level  Hunger
 Corona                   Hex            #......      34%         1    ##.....
 Ensorcelled Hibernation  Hex/Ice        #.....       47%         2    ###....
 Confuse                  Hex            #.......     71%         3    ####...
 Dazzling Spray           Conj/Hex       #.....       71%         3    ####...
 Tukima's Dance           Hex            #.......     71%         3    ####...


Dungeon Overview and Level Annotations

Branches:
Dungeon (5/15)             Temple (0/1) D:5

Altars:
Ashenzari
Dithmenos
Qazlal
Uskayaw
Vehumet
Wu Jian


Innate Abilities, Weirdness & Mutations

You are very small and have problems with some larger weapons.
You are too small for most types of armour.
You have supernaturally acute eyesight. (SInv)
You are a herbivore.
You cover ground extremely quickly.
You need to consume almost no food.


Message History

The orc wizard is lightly wounded.
The orc wizard completely misses you.
You hit the orc wizard but do no damage.
The orc wizard is lightly wounded.
The orc wizard hits you with a +0 dagger of venom.
* * * LOW HITPOINT WARNING * * *
You are poisoned.
The howler monkey hoots and howls with incredible vigour!
You feel sick.
You feel sick.
The howler monkey hoots and howls with incredible vigour!
The orc wizard points at you and mumbles some strange words.
The magic dart hits you.
* * * LOW HITPOINT WARNING * * *
The howler monkey hoots and howls with incredible vigour!
* * * LOW HITPOINT WARNING * * *
You feel sick.
The orc wizard points at you and mumbles some strange words.
The magic dart hits you.
You die...

####################
#...................
#...................
#...................
#########'##.##.####+###..
#..........#'##+##....##..
#..........#.....#........
#..........#.....#........
#........@.#.....#........
#..........#.....#....##..
######.....#.....#....####
#.....#'#####........
#.....#....##........
#.....#..............
######.....#..............
#........ho#..........####
#..........#..........##..


You could see a howler monkey and an orc wizard (invisible).

Vanquished Creatures
  An ogre (D:5)
  A hound (D:5)
  An orc priest (D:4)
  An orc wizard (D:4)
  A worker ant (D:4)
  A hound skeleton (D:4)
  7 adders
  An adder skeleton (D:4)
  A worm (D:4)
  A dart slug (D:3)
  4 leopard geckos
  2 orcs
  6 bats
  5 giant cockroaches
  8 goblins
  6 hobgoblins
  4 jackals (D:3)
  A quokka (D:4)
  3 ball pythons
  4 frilled lizards
  6 kobolds
  A leopard gecko skeleton (D:3)
  A quokka skeleton (D:4)
  A rat (D:1)
68 creatures vanquished.

Notes
Turn   | Place    | Note
-------+----------+-------------------------------------------
     0 | D:1      | Mrkan the Spriggan Monk began the quest for the Orb.
     0 | D:1      | Reached XP level 1. HP: 11/11 MP: 2/2
   355 | D:1      | Reached XP level 2. HP: 16/16 MP: 3/3
   579 | D:1      | Reached skill level 5 in Dodging
  1210 | D:2      | Reached XP level 3. HP: 19/19 MP: 4/4
  2036 | D:2      | Reached skill level 5 in Stealth
  2207 | D:2      | Reached XP level 4. HP: 19/23 MP: 5/5
  2561 | D:3      | Found a radiant altar of Vehumet.
  2562 | D:3      | Found a hide-covered altar of Uskayaw.
  2604 | D:3      | Found a stormy altar of Qazlal.
  2688 | D:3      | Found a shadowy altar of Dithmenos.
  2697 | D:3      | Became a worshipper of Dithmenos the Shadowed
  2697 | D:3      | Reached * piety under Dithmenos
  2697 | D:3      | Reached ** piety under Dithmenos
  2715 | D:3      | Found a shattered altar of Ashenzari.
  3150 | D:4      | Reached XP level 5. HP: 27/27 MP: 6/6
  3210 | D:4      | Reached skill level 1 in Invocations
  3700 | D:4      | Found an ornate altar of the Wu Jian Council.
  3959 | D:5      | Entered Level 5 of the Dungeon
  4061 | D:5      | Noticed a slave
  4486 | D:5      | Found a staircase to the Ecumenical Temple.
  4486 | D:5      | Noticed an ogre
  4492 | D:5      | Killed an ogre
  4492 | D:5      | Reached XP level 6. HP: 30/32 MP: 8/8
  4741 | D:5      | HP: 1/32 [poisoned by an orc wizard]
  4743 | D:5      | Killed from afar by an orc wizard

Skill      XL: |  1  2  3  4  5 |
---------------+----------------+-----
Dodging        | 5 6 7 |  7.5
Stealth        | 4 5 6 7 |  7.1
Invocations    | 2 |  2.3
Fighting       | |  2.4
Short Blades   | |  3.2

Action                   |  1- 3 |  4- 6 || total
-------------------------+-------+-------++-------
Melee: Short sword       |   151 |   169 ||   320
 Stab: Sleeping          |     8 |    13 ||    21
Armor: Robe              |    15 |     5 ||    20
Dodge: Dodged            |   149 |   138 ||   287
